 Dungeon Crawl Stone Soup version 0.31-a0-182-gc5ef74bbde (webtiles) character file.

Game seed: 15723353191884560792

150 lunkers the Ruffian (level 5, -1/45 HPs)
             Began as a Meteoran Fighter on June 21, 2023.
             Killed by an exploding dart slug (36 damage)
             ... ignited by their inner flame
             ... on level 3 of the Dungeon.
             The game lasted 00:03:03 (1246 turns).

lunkers the Ruffian (Meteoran Fighter)              Turns: 1246, Time: 00:03:03

Health: -1/45      AC:  6    Str: 19    XL:     5   Next: 90%
Magic:  6/6        EV:  9    Int: 10    God:
Gold:   89         SH:  5    Dex: 13    Spells: 4/4 levels left

rFire   . .          .
                       - Unarmed
rCold   . . .        b - +0 buckler
rNeg    . . .        a - +0 scale mail
rPois   .            (no helmet)
rElec   .            (no cloak)
rCorr   .            (no gloves)
SInv    .            (no boots)
Will    .....        (no amulet) Stlth
                     (no ring)
HPRegen 0.27/turn    (no ring)
MPRegen 0.10/turn

%: no passive effects
@: glowing
A: sense surroundings 1, otherworldly, glowing, explore regen
a: no special abilities


You were on level 3 of the Dungeon.
You visited 1 branch of the dungeon, and saw 3 of its levels.

You collected 89 gold pieces.

Inventory:

Armour
 a - a +0 scale mail (worn)
 b - a +0 buckler (worn)
 d - a +0 buckler
Scrolls
 g - 2 scrolls of identify
Potions
 c - a potion of brilliance
 j - a potion of might
 k - a potion of magic


   Skills:
 - Level 3.2 Fighting
 - Level 3.6 Armour
 - Level 3.6 Shields
 + Level 6.5 Unarmed Combat


You had 4 spell levels left.
You didn't know any spells.
Your spell library contained the following spells:

 Spells                   Type           Power      Damage    Failure   Level
 Inner Flame              Hex/Fire       0%         N/A       99%         3
 Yara's Violent Unravell  Hex/Tmut       0%         3d3       100%        5
 Enfeeble                 Hex            0%         N/A       100%        7


Dungeon Overview and Level Annotations

Branches:
Dungeon (3/15) Zot: 561

Altars:
Fedhas

Shops:
D:1 [


Innate Abilities, Weirdness & Mutations

You passively map a small area around you.
You are easily found by Zot.
You glow in the dark.
You regain HP and MP as you explore.


Message History

You feel sick.
You feel sick.
You are no longer poisoned.
k - an inky potion
g - 4 scrolls labelled ALAIPNEEMO (gained 2)
As you read the scroll labelled PURCHISOZE, it crumbles to dust.
You feel strangely unstable.
It was a scroll of teleportation.
The air fills with toxic fumes!
As you read the scroll labelled USEOCITHUE, it crumbles to dust.
It was a scroll of poison.
As you read the scroll labelled ALAIPNEEMO, it crumbles to dust.
It is a scroll of identify.
c - a potion of brilliance
As you read the scroll of identify, it crumbles to dust.
k - a potion of magic Your surroundings suddenly seem different.
A dart slug comes into view.
Found a scroll of teleportation, a trident and a scroll labelled WAOCEZAIPPO.
Found an escape hatch in the floor.
Found a stone staircase leading down.
As you read the scroll labelled GEGIDU PEBB, it crumbles to dust.
It is a scroll of amnesia.
You feel forgetful for a moment. The dart slug launches a dart at you.
The slug dart hits you.
As you read the scroll labelled HOUNUTWUBEO, it crumbles to dust.
The creatures around you are filled with an inner flame!
It was a scroll of immolation.
The dart slug launches a dart at you.
The slug dart hits you but does no damage.
A hobgoblin comes into view.
The hobgoblin shouts!
The dart slug launches a dart at you. The slug dart hits you.
The hobgoblin moves out of view.
You punch the dart slug!
Flame seeps out of the dart slug.
The dart slug is severely wounded.
You punch the dart slug!
The dart slug explodes!
The fiery explosion engulfs you!!!
Ouch! That really hurt!
You die...

.≈.#,*#. , .§.# .. ,* , ,
, §§§#.# * * * *, §≈§..#
** , ≈§§####. ,,, * *,#
†......., , #####.##.
#######.*##.#####).......
>*.....§○§.>...# , *, ,
#.@...# **
...?......>..... * ######
.....#...?.##### .....#
,*.... #.....# ####.# ##.
###.### #<###### #.#
####.##.. * #.#
.....##.#* #.# #######.##
*


There were no monsters in sight!

Vanquished Creatures
  A scorpion (D:3)
  Terence (D:2)
  3 adders (D:2)
  A dart slug (D:3)
  An orc (D:3)
  7 bats
  A giant cockroach (D:1)
  4 goblins
  4 hobgoblins (D:2)
  2 quokkas
  4 ball pythons
  3 frilled lizards
  4 kobolds (D:2)
  6 rats
42 creatures vanquished.

Notes
Turn   | Place    | Note
-------+----------+-------------------------------------------
     0 | D:1      | lunkers the Meteoran Fighter began the quest for the Orb.
     0 | D:1      | Reached XP level 1. HP: 19/19 MP: 2/2
   182 | D:1      | Reached skill level 3 in Unarmed Combat
   182 | D:1      | Reached XP level 2. HP: 26/26 MP: 3/3
   219 | D:1      | Found Aced's Antique Armour Shoppe.
   280 | D:2      | Reached XP level 3. HP: 31/31 MP: 4/4
   342 | D:2      | Reached skill level 4 in Unarmed Combat
   575 | D:2      | Reached XP level 4. HP: 20/38 MP: 5/5
   610 | D:2      | Noticed Terence
   618 | D:2      | Killed Terence
   619 | D:2      | Reached skill level 5 in Unarmed Combat
   750 | D:3      | Reached XP level 5. HP: 42/45 MP: 6/6
  1177 | D:3      | Found a blossoming altar of Fedhas.
  1219 | D:3      | Reached skill level 6 in Unarmed Combat
  1246 | D:3      | Killed by an exploding dart slug... ignited by their inner
                  | flame

Illustrated notes

Levels and vault maps discovered:
D:1:      dpeg_arrival_water_temple_mockup, layout_basic, serial_shops,
          nicolae_shop_tiny_real_fake_doors, lexackson_kobold_supper
D:2:      layout_basic, kennysheep_generic_room_3, uniq_terence
D:3:      layout_loops_ring, mainiacjoe_overflow_concentric_impassable

Skill      XL: |  1  2  3  4  5 |
---------------+----------------+-----
Unarmed Combat | 3 4 5 6 |  6.5
Fighting       | |  3.2
Armour         | |  3.6
Shields        | |  3.6

Action                     |  1- 3 |  4- 6 || total
---------------------------+-------+-------++-------
  Melee: Unarmed           |    89 |    64 ||   153
    Use: Potion            |       |     1 ||     1
         Scroll            |       |     6 ||     6
 Armour: Scale mail        |    46 |    26 ||    72
  Dodge: Dodged            |    25 |    18 ||    43
  Block: Buckler           |    28 |    18 ||    46

Table legend: (Time is in decaauts)
 A = Elapsed time spent in this place.
 B = Non-inter-level travel time spent in this place.
 C = Inter-level travel time spent in this place.
 D = Time resting spent in this place.
 E = Time spent auto-exploring this place.
 F = Levels seen in this place.
 G = Mean time per level.
                   A        B        C        D        E       F      G
               +--------+--------+--------+--------+--------+-----+--------+
         Total |   1238 |   1187 |     51 |    300 |    558 |   3 |  412.7 |
       Dungeon |   1238 |   1187 |     51 |    300 |    558 |   3 |  412.7 |
               +--------+--------+--------+--------+--------+-----+--------+

Top non-repeatable levels by time:
     D:3: 517 daAuts
     D:2: 483 daAuts
     D:1: 238 daAuts
